A- - U25
OIL CITY OILERS @ TRI-CITY VALLEYCATS
06/18/2052
 
TOP OF THE 1ST
Brooklyn Cyclones batting - Pitching for Youngstown Gremlins : RHP Bugsy Alexander
Pitching: RHP Bugsy Alexander
Batting: RHB Marcus Gailliard 0-0: Foul Ball, location: 2F
0-1: Ground out 5-3 (Groundball, 56, EV 93.1 MPH)
Batting: LHB Nando Mota 0-0: SINGLE (Flyball, 8RS, EV 91.9 MPH)
Batting: SHB Chet Moore 0-0: Ball
1-0: Called Strike
1-1: Called Strike
1-2: Strikes out swinging
Batting: LHB Jody Broxton 0-0: Called Strike
0-1: Fielders Choice at 2nd, 5-4 (Groundball, 5, EV 83.8 MPH)
Top of the 1st over - 0 runs, 1 hit, 0 errors, 1 left on base; Brooklyn 0 - Youngstown 0
BOTTOM OF THE 1ST
Youngstown Gremlins batting - Pitching for Brooklyn Cyclones : RHP Giambattista Rossi
Pitching: RHP Giambattista Rossi
Batting: LHB J.R. Lojan 0-0: Called Strike
0-1: Ground out 4-3 (Groundball, 4, EV 81.2 MPH)
Batting: RHB Tim Black 0-0: Ball
1-0: Ball
2-0: Ball
3-0: Base on Balls
Batting: RHB Alexander Martin 0-0: Called Strike
0-1: Ball
1-1: Swinging Strike
1-2: Ball
2-2: Ball
3-2: Fly out, F7 (Flyball, 7LS, EV 94.4 MPH)
Batting: RHB Ben Allchin 0-0: Foul Ball, location: 2F
0-1: Swinging Strike
0-2: Ball
1-2: Ball
2-2: Ground out 4-3 (Groundball, 4, EV 88.1 MPH)
Bottom of the 1st over - 0 runs, 0 hits, 0 errors, 1 left on base; Brooklyn 0 - Youngstown 0
TOP OF THE 2ND
Brooklyn Cyclones batting - Pitching for Youngstown Gremlins : RHP Bugsy Alexander
Batting: RHB Justin Durham 0-0: Ball
1-0: Called Strike
1-1: Called Strike
1-2: Ball
2-2: Foul Ball, location: 2F
2-2: Ball
3-2: Strikes out swinging
Batting: RHB Inácio Rivera 0-0: Foul Ball, location: 2F
0-1: Foul Ball, location: 2F
0-2: Ball
1-2: Strikes out looking
Batting: LHB Lucas Suttman 0-0: Called Strike
0-1: Ball
1-1: Ball
2-1: Ball
3-1: Fly out, F8 (Flyball, 78M, EV 90.0 MPH)
Top of the 2nd over - 0 runs, 0 hits, 0 errors, 0 left on base; Brooklyn 0 - Youngstown 0
BOTTOM OF THE 2ND
Youngstown Gremlins batting - Pitching for Brooklyn Cyclones : RHP Giambattista Rossi
Batting: RHB Paul Paul 0-0: Ball
1-0: Ball
2-0: Called Strike
2-1: Swinging Strike
2-2: Ball
3-2: Base on Balls
Batting: RHB Ryan Trenary 0-0: Swinging Strike
0-1: Ball
1-1: Ball
2-1: Ball
3-1: Base on Balls
Paul Paul to second
Batting: RHB Sam Campbell 0-0: Ball
1-0: Called Strike
1-1: Grounds into double play, 5-4-3 (Groundball, 56, EV 85.0 MPH)
Paul Paul to third
Batting: RHB Rashan Salvador 0-0: Ball
1-0: Called Strike
1-1: Called Strike
1-2: Foul Ball, location: 2F
1-2: Ball
2-2: Foul Ball, location: 7LSF, Error on foul ball, E7
2-2: DOUBLE (Line Drive, 8LD, EV 88.8 MPH)
Paul Paul scores
Batting: RHB Bernard Bain 0-0: Ball
1-0: Ball
2-0: Called Strike
2-1: Fly out, F4 (Line Drive, 4, EV 71.2 MPH)
Bottom of the 2nd over - 1 run, 1 hit, 1 error, 1 left on base; Brooklyn 0 - Youngstown 1
TOP OF THE 3RD
Brooklyn Cyclones batting - Pitching for Youngstown Gremlins : RHP Bugsy Alexander
Batting: RHB Jonah Laughlin 0-0: Called Strike
0-1: Called Strike
0-2: Foul Ball, location: 2F
0-2: SINGLE (Groundball, 56D, EV 103.1 MPH)
Batting: SHB Pirro Izquierdo 0-0: Ball
1-0: Foul Ball, location: 2F
1-1: Ball
2-1: Ball
3-1: Fly out, F8 (Flyball, 89S, EV 89.4 MPH)
Batting: RHB Marcus Gailliard 0-0: Called Strike
0-1: Ball
1-1: Ball
2-1: Foul Ball, location: 2F
2-2: Fly out, F8 (Flyball, 89D, EV 85.6 MPH)
Batting: LHB Nando Mota 0-0: Called Strike
0-1: Foul Ball, location: 2F
0-2: Foul Ball, location: 2F
0-2: Ball
1-2: Foul Ball, location: 2F
1-2: Strikes out swinging
Top of the 3rd over - 0 runs, 1 hit, 0 errors, 1 left on base; Brooklyn 0 - Youngstown 1
BOTTOM OF THE 3RD
Youngstown Gremlins batting - Pitching for Brooklyn Cyclones : RHP Giambattista Rossi
Batting: LHB J.R. Lojan 0-0: Called Strike
0-1: Ball
1-1: Ball
2-1: Called Strike
2-2: Foul Ball, location: 2F
2-2: Ball
3-2: Base on Balls
Batting: RHB Tim Black 0-0: Ball
1-0: Fly out, F9 (Line Drive, 9, EV 96.9 MPH)
Batting: RHB Alexander Martin 0-0: Foul Ball, location: 2F
0-1: Ball
1-1: Called Strike
1-2: SINGLE (Groundball, 6D, EV 96.9 MPH)
J.R. Lojan to second
Batting: RHB Ben Allchin 0-0: Called Strike
0-1: Ball
1-1: Foul Ball, location: 2F
1-2: Grounds into double play, 6-4-3 (Groundball, 6, EV 106.9 MPH)
Bottom of the 3rd over - 0 runs, 1 hit, 0 errors, 1 left on base; Brooklyn 0 - Youngstown 1
TOP OF THE 4TH
Brooklyn Cyclones batting - Pitching for Youngstown Gremlins : RHP Bugsy Alexander
Batting: SHB Chet Moore 0-0: Ball
1-0: Called Strike
1-1: Foul Ball, location: 2F
1-2: Ground out 3-1 (Groundball, 34D, EV 106.2 MPH)
Batting: LHB Jody Broxton 0-0: Swinging Strike
0-1: Foul Ball, location: 2F
0-2: Strikes out swinging
Batting: RHB Justin Durham 0-0: Called Strike
0-1: Ball
1-1: Ball
2-1: Foul Ball, location: 2F
2-2: Ball
3-2: Base on Balls
Batting: RHB Inácio Rivera 0-0: Hit by Pitch
Justin Durham to second
Pinch Runner at 1st George Altepeter:
Batting: LHB Lucas Suttman 0-0: Called Strike
0-1: Fly out, F1 (Popup, P, EV 74.4 MPH)
Top of the 4th over - 0 runs, 0 hits, 0 errors, 2 left on base; Brooklyn 0 - Youngstown 1
BOTTOM OF THE 4TH
Youngstown Gremlins batting - Pitching for Brooklyn Cyclones : RHP Giambattista Rossi
Now in CF: George Altepeter
Batting: RHB Paul Paul 0-0: Called Strike
0-1: Foul Ball, location: 2F
0-2: Ball
1-2: Ball
2-2: Ground out 4-3 (Groundball, 4, EV 105.6 MPH)
Batting: RHB Ryan Trenary 0-0: Ground out U3 (Groundball, 3S, EV 75.0 MPH)
Batting: RHB Sam Campbell 0-0: Ball
1-0: Foul Ball, location: 2F
1-1: Called Strike
1-2: Ball
2-2: Ball
3-2: Base on Balls
Batting: RHB Rashan Salvador 0-0: Foul Ball, location: 2F
0-1: Called Strike
0-2: Ball
1-2: Ball
2-2: Ball
3-2: Strikes out swinging
Bottom of the 4th over - 0 runs, 0 hits, 0 errors, 1 left on base; Brooklyn 0 - Youngstown 1
TOP OF THE 5TH
Brooklyn Cyclones batting - Pitching for Youngstown Gremlins : RHP Bugsy Alexander
Batting: RHB Jonah Laughlin 0-0: Called Strike
0-1: Ground out 5-3 (Groundball, 56S, EV 63.1 MPH)
Batting: SHB Pirro Izquierdo 0-0: Ball
1-0: Ball
2-0: Called Strike
2-1: Foul Ball, location: 2F
2-2: Ball
3-2: Foul Ball, location: 2F
3-2: Strikes out looking
Batting: RHB Marcus Gailliard 0-0: Foul Ball, location: 2F
0-1: Ground out 6-3 (Groundball, 56, EV 75.6 MPH)
Top of the 5th over - 0 runs, 0 hits, 0 errors, 0 left on base; Brooklyn 0 - Youngstown 1
BOTTOM OF THE 5TH
Youngstown Gremlins batting - Pitching for Brooklyn Cyclones : RHP Giambattista Rossi
Pitching: RHP Billy Manor
Batting: RHB Bernard Bain 0-0: Foul Ball, location: 2F
0-1: Ball
1-1: Ground out 4-3 (Groundball, 4M, EV 81.2 MPH)
Batting: LHB J.R. Lojan 0-0: Ball
1-0: Called Strike
1-1: Foul Ball, location: 2F
1-2: Strikes out swinging
Batting: RHB Tim Black 0-0: Ball
1-0: Called Strike
1-1: Ball
2-1: SINGLE (Groundball, 5S, EV 70.0 MPH) (infield hit)
Batting: RHB Alexander Martin 0-0: Called Strike
0-1: Ball
1-1: Swinging Strike
1-2: Foul Ball, location: 2F
1-2: Ball
2-2: Strikes out swinging
Bottom of the 5th over - 0 runs, 1 hit, 0 errors, 1 left on base; Brooklyn 0 - Youngstown 1
TOP OF THE 6TH
Brooklyn Cyclones batting - Pitching for Youngstown Gremlins : RHP Bugsy Alexander
Batting: LHB Nando Mota 0-0: Foul Ball, location: 2F
0-1: Ball
1-1: Ground out 5-3 (Groundball, 5, EV 100.6 MPH)
Batting: SHB Chet Moore 0-0: Called Strike
0-1: Ball
1-1: SINGLE (Groundball, 34, EV 98.8 MPH)
Batting: LHB Jody Broxton 0-0: 2-RUN HOME RUN (Flyball, 9LD, EV 93.8 MPH), Distance : 354 ft
Batting: RHB Justin Durham 0-0: Ball
1-0: Fly out, F7 (Flyball, 7D, EV 98.1 MPH)
Batting: RHB George Altepeter 0-0: Called Strike
0-1: Ball
1-1: Ground out 5-3 (Groundball, 56, EV 90.0 MPH)
Top of the 6th over - 2 runs, 2 hits, 0 errors, 0 left on base; Brooklyn 2 - Youngstown 1
BOTTOM OF THE 6TH
Youngstown Gremlins batting - Pitching for Brooklyn Cyclones : RHP Billy Manor
Batting: RHB Ben Allchin 0-0: Ball
1-0: Swinging Strike
1-1: Called Strike
1-2: Foul Ball, location: 2F
1-2: Ball
2-2: Ball
3-2: Strikes out looking
Batting: RHB Paul Paul 0-0: SINGLE (Flyball, 8LS, EV 90.0 MPH)
Batting: RHB Ryan Trenary 0-0: Fly out, F9 (Flyball, 9, EV 89.4 MPH)
Batting: RHB Sam Campbell 0-0: Called Strike
0-1: Swinging Strike
0-2: Fly out, F8 (Flyball, 8LXD, EV 88.8 MPH)
Bottom of the 6th over - 0 runs, 1 hit, 0 errors, 1 left on base; Brooklyn 2 - Youngstown 1
TOP OF THE 7TH
Brooklyn Cyclones batting - Pitching for Youngstown Gremlins : RHP Bugsy Alexander
Pitching: RHP Kyle Patterson
Batting: LHB Lucas Suttman 0-0: Called Strike
0-1: Ball
1-1: Called Strike
1-2: Ball
2-2: Strikes out swinging
Batting: RHB Jonah Laughlin 0-0: Called Strike
0-1: Swinging Strike
0-2: Ball
1-2: Foul Ball, location: 2F
1-2: Strikes out looking
Batting: SHB Pirro Izquierdo 0-0: Swinging Strike
0-1: Ball
1-1: Fly out, F8 (Line Drive, 8RD, EV 93.1 MPH)
Top of the 7th over - 0 runs, 0 hits, 0 errors, 0 left on base; Brooklyn 2 - Youngstown 1
BOTTOM OF THE 7TH
Youngstown Gremlins batting - Pitching for Brooklyn Cyclones : RHP Billy Manor
Batting: RHB Rashan Salvador 0-0: Called Strike
0-1: Called Strike
0-2: Foul Ball, location: 2F
0-2: Ball
1-2: Foul Ball, location: 2F
1-2: SINGLE (Line Drive, 9S, EV 109.4 MPH)
Batting: RHB Bernard Bain 0-0: Ball
1-0: Grounds into double play, 6-4-3 (Groundball, 56, EV 90.0 MPH)
Batting: LHB J.R. Lojan 0-0: Foul Ball, location: 2F
0-1: Fly out, F4 (Popup, 4M, EV 61.2 MPH)
Bottom of the 7th over - 0 runs, 1 hit, 0 errors, 0 left on base; Brooklyn 2 - Youngstown 1
TOP OF THE 8TH
Brooklyn Cyclones batting - Pitching for Youngstown Gremlins : RHP Kyle Patterson
Batting: RHB Marcus Gailliard 0-0: Ball
1-0: Foul Ball, location: 2F
1-1: Swinging Strike
1-2: Ground out 6-3 (Groundball, 6, EV 91.9 MPH)
Batting: LHB Nando Mota 0-0: Swinging Strike
0-1: Ball
1-1: SINGLE (Groundball, 56D, EV 103.1 MPH)
Batting: SHB Chet Moore 0-0: Swinging Strike
0-1: Ball
1-1: Swinging Strike
1-2: Strikes out swinging
Batting: LHB Jody Broxton 0-0: Called Strike
0-1: Foul Ball, location: 2F
0-2: Strikes out swinging
Top of the 8th over - 0 runs, 1 hit, 0 errors, 1 left on base; Brooklyn 2 - Youngstown 1
BOTTOM OF THE 8TH
Youngstown Gremlins batting - Pitching for Brooklyn Cyclones : RHP Billy Manor
Batting: RHB Tim Black 0-0: Called Strike
0-1: Swinging Strike
0-2: Ball
1-2: Foul Ball, location: 2F
1-2: SINGLE (Groundball, 56, EV 98.1 MPH)
Batting: RHB Alexander Martin 0-0: Ball
1-0: Ball
2-0: DOUBLE (Line Drive, 9LD, EV 100.0 MPH)
Tim Black to third
Pitching: RHP Johnny Graham
Pinch Hitting: SHB Eddie Medina 0-0: Called Strike
0-1: Called Strike
0-2: Foul Ball, location: 2F
0-2: Ball
1-2: Foul Ball, location: 2F
1-2: Ball
2-2: Fly out, F8 (Flyball, 78D, EV 96.9 MPH)
Runner from 3rd tags up, SCORES, no throw by CF
Batting: RHB Paul Paul 0-0: Intentional Walk
Pinch Hitting: RHB Paris Weybright 0-0: Ball
1-0: Foul Ball, location: 2F
1-1: Ball
2-1: Ball
3-1: Base on Balls
Alexander Martin to third
Paul Paul to second
Batting: RHB Sam Campbell 0-0: SINGLE (Groundball, 4, EV 93.8 MPH)
Alexander Martin scores
Paul Paul to third
Paris Weybright to second
Batting: RHB Rashan Salvador 0-0: Foul Ball, location: 2F
0-1: Called Strike
0-2: Strikes out swinging
Batting: RHB Bernard Bain 0-0: Called Strike
0-1: DOUBLE (Groundball, 5L, EV 101.9 MPH)
Paul Paul scores
Paris Weybright scores
Sam Campbell to third
Runner from 3rd tries for Home, SAFE, throw by LF to home
Batting: LHB J.R. Lojan 0-0: Swinging Strike
0-1: Fly out, F6 (Flyball, 6D, EV 92.5 MPH)
Bottom of the 8th over - 5 runs, 4 hits, 0 errors, 1 left on base; Brooklyn 2 - Youngstown 6
TOP OF THE 9TH
Brooklyn Cyclones batting - Pitching for Youngstown Gremlins : RHP Kyle Patterson
Now at 1B: Nicolas Baillargeon
Now at 2B: Roberto Sánchez
Batting: RHB Justin Durham 0-0: Ball
1-0: Called Strike
1-1: Ball
2-1: Ball
3-1: Fly out, F8 (Flyball, 8LXD, EV 99.4 MPH)
Batting: RHB George Altepeter 0-0: Called Strike
0-1: Foul Ball, location: 2F
0-2: Ground out U3 (Groundball, 34, EV 82.5 MPH)
Batting: LHB Lucas Suttman 0-0: Ball
1-0: Fly out, F8 (Flyball, 78M, EV 98.1 MPH)
Top of the 9th over - 0 runs, 0 hits, 0 errors, 0 left on base; Brooklyn 2 - Youngstown 6
Thursday, April 25th , 2024 - OOTP Baseball 24.11 Build 85